 Dungeon Crawl Stone Soup version 0.20-a0-1074-g6a0a8e1 (webtiles) character file.

7179 Lochraine the Grave Robber (level 10, -3/77 HPs)
             Began as a Demonspawn Necromancer on Apr 29, 2017.
             Was an Elder of Dithmenos.
             Slain by a two-headed ogre
             ... wielding a +0 giant spiked club
              (20 damage)
             ... on level 10 of the Dungeon.
             The game lasted 00:34:31 (9483 turns).

Lochraine the Grave Robber (Demonspawn Necromancer) Turns: 9483, Time: 00:34:32

Health: -3/77      AC: 19    Str: 10    XL:     10   Next: 86%
Magic:  14/14      EV: 10    Int: 23    God:    Dithmenos [****..]
Gold:   802        SH:  0    Dex: 17    Spells: 3/15 levels left

rFire    . . .     SeeInvis .   g - +9 rapier of Ackopough {speed, +Rage Str-2 Int+4}
rCold    . . .     Gourm    .   (no shield)
rNeg     . . .     Faith    .   D - +2 chain mail {MR+}
rPois    +         Spirit   .   H - +2 helmet
rElec    .         Reflect  .   Q - +1 cloak {rPois}
rCorr    .         Harm     .   m - +0 pair of gloves
MR       +....                  (boots unavailable)
Stlth    ..........             (no amulet)
Regen    0.3/turn               d - +3 ring of intelligence
MPRegen  0.2/turn               r - +3 ring of dexterity

@: wreathed by umbra
A: talons 3, demonic guardian 1, sturdy frame 3
a: Shadow Step, Renounce Religion, Evoke Berserk Rage


You were on level 10 of the Dungeon.
You worshipped Dithmenos.
Dithmenos was greatly pleased with you.
You were not hungry.

You visited 1 branch of the dungeon, and saw 10 of its levels.
You also visited: Bailey.

You collected 1008 gold pieces.
You spent 206 gold pieces at shops.

Inventory:

Hand Weapons
 g - the +9 rapier of Ackopough (weapon) {speed, +Rage Str-2 Int+4}
   (You took it off an orc on level 6 of the Dungeon)

   Attacks with this weapon are significantly faster.
   It affects your strength (-2).
   It affects your intelligence (+4).
   It lets you go berserk.
 t - a +2 whip of electrocution
Missiles
 f - 38 tomahawks of returning (quivered)
 h - 291 stones
Armour
 m - a +0 pair of gloves (worn)
 D - a +2 chain mail of magic resistance (worn)
 H - a +2 helmet (worn)
 M - a +0 troll leather armour
 Q - a +1 cloak of poison resistance (worn)
 U - a +0 ring mail
Jewellery
 d - a +3 ring of intelligence (left hand)
 l - an uncursed ring of flight
 r - a +3 ring of dexterity (right hand)
 x - an uncursed ring of positive energy
Wands
 K - a wand of iceblast (5/15)
 N - a wand of disintegration (14/24)
Scrolls
 i - 8 scrolls of identify
 n - 4 scrolls of recharging
 u - 2 scrolls of immolation {unknown}
 v - 2 scrolls of magic mapping
 y - a scroll of blinking {unknown}
 z - 5 scrolls of remove curse
 B - 4 scrolls of teleportation {unknown}
 E - a scroll of fear {unknown}
 F - a scroll of amnesia {unknown}
 G - a scroll of enchant weapon {unknown}
 I - a scroll of enchant armour
 P - a scroll of silence {unknown}
Potions
 e - a potion of ambrosia {unknown}
 k - 3 potions of brilliance
 o - 4 potions of flight
 p - 6 potions of curing
 s - 2 potions of haste {unknown}
 w - 2 potions of resistance {unknown}
 A - 2 potions of mutation {unknown}
 C - a potion of cancellation {unknown}
 J - a potion of magic {unknown}
 L - a potion of heal wounds {unknown}
 O - 2 potions of degeneration {unknown}
 S - a potion of might {unknown}
Books
 b - a book of Necromancy

   Spells                             Type                      Level
   a - Pain                           Necromancy                   1
   b - Animate Skeleton               Necromancy                   1
   c - Vampiric Draining              Necromancy                   3
   d - Regeneration                   Charms/Necromancy            3
   e - Animate Dead                   Necromancy                   4
   f - Control Undead                 Necromancy                   4
Miscellaneous
 R - a fan of gales (inert)
 T - a box of beasts
Comestibles
 a - 4 meat rations
 c - 5 bread rations
 j - 16 royal jellies
 q - 8 fruits
 V - 10 chunks of flesh


   Skills:
 + Level 6.7 Fighting
 + Level 5.5 Short Blades
 - Level 3.1 Maces & Flails
   Level 0.5 Polearms
 - Level 6.0 Armour
 + Level 4.7 Dodging
 + Level 5.7 Stealth
 - Level 3.2 Spellcasting
 - Level 3.3 Charms
 - Level 7.2 Necromancy
 + Level 5.4 Evocations


You had 3 spell levels left.
You knew the following spells:

 Your Spells              Type           Power        Failure   Level  Hunger
a - Pain                  Necr           ####         2%          1    None
b - Animate Skeleton      Necr           N/A          2%          1    None
c - Vampiric Draining     Necr           #####.....   7%          3    ###....
d - Regeneration          Chrm/Necr      ####......   16%         3    ###....
e - Animate Dead          Necr           N/A          22%         4    ####...


Dungeon Overview and Level Annotations

Branches:
Dungeon (10/15)            Temple (0/1) D:7            Lair (0/6) D:10
    Orc: D:9-12

Altars:
Ashenzari
Dithmenos
Elyvilon
Fedhas
Gozag
Hepliaklqana
Okawaru
Uskayaw
Vehumet
Xom
The Shining One

Shops:
D:4 *}


Innate Abilities, Weirdness & Mutations

You have claws for feet.
A weak demonic guardian rushes to your aid.
Your movements are significantly less encumbered by armour. (ER -6)


Message History

The orc wizard mumbles some strange words.
The orc wizard flickers and vanishes!
Deactivating autopickup; reactivate with Ctrl-A.
The water moccasin bites you but does no damage.
The water moccasin closely misses you.
Okay, then.
Okay, then.
Unknown command.
Okay, then.
Unknown command.
Okay, then.
Unknown command.
The water moccasin bites you.
* * * LOW HITPOINT WARNING * * *
Evoke which item? (* to show all) (? for menu, Esc to quit)
A fierce wind blows from the fan.
The monsters around you are blown away!
The water moccasin collides with the worker ant zombie!
The two-headed ogre barely misses you.
The two-headed ogre hits you with a giant spiked club!!
You die...

#################################
..........ooZS..@................
............oo.O............###..
...........####..#########..# #..
...........# #..# #..# #..
......†....# #..# #..# #..
......{....# #..# #..# #..
...........# #..# #..# #..
...$.......# #..# #..# #..
...........# #..# #..# #..


You could see a two-headed ogre, an orc warrior, a water moccasin, 3 orcs and a
worker ant zombie.

Vanquished Creatures
  A two-headed ogre (D:9)
  A queen bee (D:8)
  A hippogriff (D:7)
  Grum (D:9)
  3 hungry ghosts
  Menkaure (D:5)
  A soldier ant (D:10)
  A hell hound (D:10)
  Edmund (D:4)
  8 orc warriors
  5 sky beasts
  3 ogres
  2 centaurs
  3 wolves (D:9)
  2 big kobolds
  4 bullfrogs
  4 scorpions
  13 killer bees
  3 wights (D:9)
  2 howler monkeys
  2 crimson imps
  A quasit (D:8)
  A centaur zombie (D:5)
  3 orc priests
  4 hounds
  A centaur skeleton (D:9)
  10 orc wizards
  8 worker ants
  5 iguanas
  A hound skeleton (D:5)
  A worker ant zombie (D:10)
  Robin (D:4)
  5 gnolls
  7 adders
  A shadow imp (D:5)
  An ooze (D:7)
  An adder zombie (D:5)
  An adder skeleton (D:5)
  2 worms (D:2)
  A dart slug (D:2)
  24 orcs
  11 bats
  5 giant cockroaches
  24 goblins
  9 hobgoblins
  6 jackals
  4 quokkas
  2 ball pythons
  3 frilled lizards
  A jackal zombie (D:4)
  32 kobolds
  A leopard gecko zombie (D:5)
  6 rats
245 creatures vanquished.

Vanquished Creatures (collateral kills)
  Maurice (D:9)
  A komodo dragon (D:10)
  A troll (D:8)
  An orc warrior (D:6)
  A scorpion (D:4)
  2 killer bees (D:8)
  A howler monkey (D:8)
  A bullfrog zombie (D:9)
  A gnoll (D:6)
  A howler monkey skeleton (D:6)
  2 adders
  A leopard gecko (D:1)
  3 orcs
  A bat (D:1)
  A goblin (D:1)
  2 hobgoblins
  2 jackals
  A kobold (D:2)
24 creatures vanquished.

Vanquished Creatures (others)
  A centaur (D:7)
  A bullfrog skeleton (D:7)
  An adder (D:7)
  An orc (D:7)
  A giant cockroach (D:7)
  A hobgoblin (D:1)
  2 kobolds (D:1)
8 creatures vanquished.

Grand Total: 277 creatures vanquished

Notes
Turn   | Place    | Note
-------+----------+-------------------------------------------
     0 | D:1      | Lochraine the Demonspawn Necromancer began the quest for the Orb.
     0 | D:1      | Reached XP level 1. HP: 13/13 MP: 3/3
   105 | D:1      | Learned a level 1 spell: Animate Skeleton
   221 | D:1      | Gained mutation: You have sharp toenails. [demonic ancestry]
   221 | D:1      | Reached XP level 2. HP: 15/19 MP: 5/5
  1043 | D:1      | Reached XP level 3. HP: 24/24 MP: 5/7
  1397 | D:2      | Reached skill level 5 in Necromancy
  1423 | D:2      | Found a shattered altar of Ashenzari.
  1825 | D:2      | Learned a level 3 spell: Vampiric Draining
  2403 | D:2      | Gained mutation: Your movements are slightly less encumbered by armour. (ER -2) [demonic ancestry]
  2403 | D:2      | Reached XP level 4. HP: 12/30 MP: 0/8
  2686 | D:3      | Found a hazy altar of Hepliaklqana.
  2739 | D:3      | Found a white marble altar of Elyvilon.
  3176 | D:3      | Found an iron altar of Okawaru.
  3176 | D:3      | Found a shadowy altar of Dithmenos.
  3185 | D:3      | Became a worshipper of Dithmenos the Shadowed
  3249 | D:4      | Noticed Edmund
  3268 | D:4      | Learned a level 3 spell: Regeneration
  3285 | D:4      | Found Ykkabyir's Gadget Emporium.
  3298 | D:4      | Gained mutation: A weak demonic guardian rushes to your aid. [demonic ancestry]
  3298 | D:4      | Reached XP level 5. HP: 13/36 MP: 9/9
  3307 | D:4      | Reached skill level 1 in Fighting
  3307 | D:4      | Reached skill level 1 in Charms
  3611 | D:4      | Reached skill level 1 in Armour
  3611 | D:4      | Reached skill level 6 in Necromancy
  3780 | D:4      | Found Zisi's Assorted Antiques.
  3788 | D:4      | Bought a coppery potion for 18 gold pieces
  3788 | D:4      | Bought a scroll labeled DYAQOT ZOXTOETZ for 20 gold pieces
  3788 | D:4      | Bought a smoky red potion for 18 gold pieces
  3788 | D:4      | Bought a runed chain mail for 150 gold pieces
  3813 | D:4      | Noticed a hungry ghost
  3841 | D:4      | Killed a hungry ghost
  3841 | D:4      | Reached skill level 1 in Maces & Flails
  3841 | D:4      | Reached XP level 6. HP: 44/44 MP: 10/10
  3941 | D:4      | Killed Edmund
  3941 | D:4      | Gained mutation: You have razor-sharp toenails. [demonic ancestry]
  3941 | D:4      | Reached XP level 7. HP: 23/51 MP: 11/11
  4337 | D:4      | Noticed Robin
  4347 | D:4      | Killed Robin
  4477 | D:4      | Reached * piety under Dithmenos
  4641 | D:5      | Entered Level 5 of the Dungeon
  4641 | D:5      | Noticed Menkaure
  4646 | D:5      | Killed Menkaure
  4954 | D:5      | Found a glowing golden altar of the Shining One.
  5164 | D:5      | Gained mutation: Your movements are less encumbered by armour. (ER -4) [demonic ancestry]
  5164 | D:5      | Reached XP level 8. HP: 46/58 MP: 12/12
  5175 | D:5      | Noticed a dagger
  5176 | D:5      | Noticed a hand axe
  5179 | D:5      | Found a hide-covered altar of Uskayaw.
  6058 | D:6      | Reached skill level 7 in Necromancy
  6073 | D:6      | Got an ancient rapier {speed}
  6079 | D:6      | Identified the +9 rapier of Ackopough {speed, +Rage Str-2 Int+4} (You took it off an orc on level 6 of the Dungeon)
  6160 | D:6      | Found an opulent altar of Gozag.
  6229 | D:6      | Found a blossoming altar of Fedhas.
  6253 | D:6      | Reached skill level 1 in Short Blades
  6279 | D:6      | Reached ** piety under Dithmenos
  6476 | D:7      | Reached skill level 5 in Armour
  6529 | D:7      | Noticed a hippogriff
  6542 | D:7      | Killed a hippogriff
  6622 | D:7      | Found a shimmering altar of Xom.
  6640 | D:7      | Found a staircase to the Ecumenical Temple.
  6744 | D:7      | Reached skill level 1 in Evocations
  6744 | D:7      | Gained mutation: Your movements are significantly less encumbered by armour. (ER -6) [demonic ancestry]
  6744 | D:7      | Reached XP level 9. HP: 49/65 MP: 13/13
  7053 | D:8      | Noticed a troll
  7063 | D:8      | Killed a troll
  7125 | D:8      | Noticed a queen bee
  7139 | D:8      | Killed a queen bee
  7236 | D:7      | Reached skill level 5 in Fighting
  7486 | D:8      | Found a radiant altar of Vehumet.
  7506 | D:8      | Reached *** piety under Dithmenos
  7889 | D:9      | Noticed Grum
  7899 | D:9      | Gained mutation: You have claws for feet. [demonic ancestry]
  7899 | D:9      | Reached XP level 10. HP: 74/74 MP: 14/14
  7928 | D:9      | Killed Grum
  7983 | D:9      | Noticed a two-headed ogre
  8014 | D:9      | Killed a two-headed ogre
  8144 | D:9      | Noticed Maurice
  8154 | D:9      | Killed Maurice
  8214 | D:9      | Learned a level 4 spell: Animate Dead
  8256 | D:9      | Reached skill level 5 in Stealth
  8412 | D:9      | Reached **** piety under Dithmenos
  8745 | D:10     | Entered Level 10 of the Dungeon
  8775 | D:10     | Found a flagged portal.
  8778 | D:10     | Reached skill level 5 in Short Blades
  8784 | D:10     | Reached skill level 5 in Evocations
  8858 | Bailey   | Entered a bailey
  9358 | D:10     | Found a staircase to the Lair.
  9466 | D:10     | Noticed a two-headed ogre
  9483 | D:10     | Slain by a two-headed ogre

Vault maps used:
D:1:      lightli_arrival_lavapool, st_stairs_13, minmay_door_square,
          lemuel_flame_loot_1
D:2:      first_bread, kennysheep_flooded_box
D:3:      lemuel_doored_altar, gammafunk_temple_overflow_statue,
          lemuel_crystal_altar
D:4:      serial_glass, glass_columns_b, glass_columns_b, glass_columns_b,
          glass_columns_a, glass_columns_a, glass_columns_b, glass_columns_a,
          glass_columns_c, glass_columns_a, glass_columns_c, glass_columns_a,
          glass_columns_a, glass_columns_b, glass_columns_a, serial_shops,
          nicolae_shop_overgrown_old_shop, nicolae_shop_stone, uniq_edmund,
          uniq_robin
D:5:      dancing_weapons_uskayaw, grunt_ministairs_14, tso_metal_star,
          uniq_menkaure
D:6:      old_standard_altar, grunt_gozag_breadcrumbs
D:7:      xom_confusion_cloud, minmay_temple_entry_trees
D:8:      lemuel_round_altar, david_nohive_1
D:9:      uniq_grum, uniq_maurice
D:10:     minmay_lair_entry_lava, serial_shops, shop, enter_bailey_2
Bailey:   bailey_axe_4, bailey

Skill      XL: |  1  2  3  4  5  6  7  8  9 10 |
---------------+-------------------------------+-----
Necromancy     | 5 6 7 |  7.2
Spellcasting   | 3 |  3.2
Fighting       | 1 2 3 4 5 6 |  6.7
Charms         | 1 2 3 |  3.3
Armour         | 1 2 4 5 6 |  6.0
Maces & Flails | 1 2 3 |  3.1
Short Blades   | 2 4 5 |  5.5
Stealth        | 2 4 5 |  5.7
Evocations     | 1 3 5 |  5.4
Dodging        | 3 4 |  4.7
Polearms       | |  0.5

Action                   |  1- 3 |  4- 6 |  7- 9 | 10-12 || total
-------------------------+-------+-------+-------+-------++-------
Melee: Dagger            |    64 |       |       |       ||    64
       Hand axe          |   104 |    46 |       |       ||   150
       Kick              |     9 |       |       |    47 ||    56
       Glaive            |       |    24 |       |       ||    24
       Whip              |       |    36 |   164 |       ||   200
       Rapier            |       |       |   224 |   210 ||   434
Throw: Stone             |       |       |       |    26 ||    26
       Tomahawk          |       |       |       |    17 ||    17
 Cast: Pain              |    27 |     7 |     4 |       ||    38
       Animate Skeleton  |    17 |     2 |       |       ||    19
       Vampiric Draining |     1 |     3 |       |       ||     4
       Regeneration      |       |       |     1 |       ||     1
 Abil: Evoke Berserk Rag |       |       |     3 |     1 ||     4
Evoke: Wand              |       |       |       |     5 ||     5
       Fan of gales      |       |       |       |     1 ||     1
  Use: Scroll            |       |     4 |     2 |     2 ||     8
       Potion            |       |       |       |     1 ||     1
 Stab: Sleeping          |     5 |     2 |     5 |     6 ||    18
       Distracted        |       |     1 |     4 |     2 ||     7
  Eat: Chunk             |     5 |     5 |    18 |     6 ||    34
       Meat ration       |       |     1 |       |       ||     1
       Fruit             |       |       |     1 |       ||     1
Armor: Leather armour    |    53 |    17 |       |       ||    70
       Ring mail         |       |    16 |       |       ||    16
       Robe              |       |     1 |       |       ||     1
       Chain mail        |       |    14 |   100 |    11 ||   125
       Animal skin       |       |       |    10 |       ||    10
       Troll leather arm |       |       |    47 |    35 ||    82
Dodge: Dodged            |   107 |    68 |   219 |   169 ||   563
